 Dungeon Crawl Stone Soup version 0.29.1-1-gd02db6906a (webtiles) character file.

Game seed: 8272627803629113770

1248 masschaos23 the Chopper (level 8, -2/71 HPs)
             Began as a Hill Orc Fighter on Sept 25, 2022.
             Was a Follower of Beogh.
             Slain by an unseen horror (5 damage)
             ... on level 6 of the Dungeon.
             The game lasted 00:12:23 (7070 turns).

masschaos23 the Chopper (Hill Orc Fighter)          Turns: 7070, Time: 00:12:24

Health: -2/71      AC: 16    Str: 18    XL:     8   Next: 50%
Magic:  0/8        EV:  8    Int:  8    God:    Beogh [*.....]
Gold:   156        SH:  5    Dex: 10    Spells: 7/7 levels left

rFire   x . .      SeeInvis .   k - +7 hand axe
rCold   + . .      Faith    .   c - +0 buckler
rNeg    + . .      Spirit   +   n - +0 pearl dragon scales
rPois   .          Reflect  .   (no helmet)
rElec   .          Harm     .   (no cloak)
rCorr   .          Rampage  .   (no gloves)
Will    .....                   (no boots)
Stlth   ..........              e - amulet of guardian spirit
HPRegen 0.21/turn               g - ring of Siawk {Ice Fly Str-3 Slay+3}
MPRegen 0.11/turn               q - +4 ring of protection

@: silenced, flying, studying Ice Magic
A: no striking features
a: Renounce Religion


You were on level 6 of the Dungeon.
You worshipped Beogh.
Beogh was aware of your devotion.
You visited 1 branch of the dungeon, and saw 6 of its levels.

You collected 246 gold pieces.
You spent 90 gold pieces at shops.

Inventory:

Hand Weapons
 a - a +0 war axe of freezing
 k - a +7 hand axe (weapon)
 m - a +2 great sword of holy wrath
Missiles
 u - a throwing net (quivered)
Armour
 c - a +0 buckler (worn)
 i - a +3 chain mail of willpower
 n - +0 pearl dragon scales (worn)
Magical Staves
 b - a staff of fire
 h - a staff of earth
 p - a staff of death
 t - a staff of conjuration
Jewellery
 e - an amulet of guardian spirit (around neck)
 g - the ring of Siawk (left hand) {Ice Fly Str-3 Slay+3}
   (You acquired it on level 2 of the Dungeon)

   [ring of ice]

   It enhances your ice magic.
   Str:       It affects your strength (-3).
   Slay:      It affects your accuracy & damage with ranged weapons and melee
   (+3).
   rF:        It makes you vulnerable to fire.
   rC:        It protects you from cold.
   Fly:       It grants you flight.
 j - a ring of positive energy
 q - a +4 ring of protection (right hand)
Scrolls
 d - a scroll of noise
 s - a scroll of enchant armour {unknown}
Potions
 f - 3 potions of flight


   Skills:
 + Level 6.9 Fighting
 + Level 7.1 Axes
 + Level 6.3 Armour
 + Level 6.3 Shields


You had 7 spell levels left.
You didn't know any spells.
Your spell library contained the following spells:

 Spells                   Type           Power      Damage    Failure   Level
 Necrotise                Necr           0%         1d4       89%         1
 Blink                    Tloc           0%         N/A       96%         2
 Lesser Beckoning         Tloc           0%         N/A       99%         3
 Ozocubu's Armour         Ice            0%         N/A       99%         3
 Summon Guardian Golem    Hex/Summ       0%         N/A       99%         3
 Vampiric Draining        Necr           0%         2d6       99%         3
 Agony                    Necr           0%         N/A       100%        5
 Manifold Assault         Tloc           0%         N/A       100%        5
 Metabolic Englaciation   Hex/Ice        0%         N/A       100%        5
 Simulacrum               Ice/Necr       0%         N/A       100%        6
 Orb of Destruction       Conj           0%         9d5       100%        7
 Spellforged Servitor     Conj/Summ      0%         N/A       100%        7


Dungeon Overview and Level Annotations

Branches:
Dungeon (6/15)
 Temple: D:4-7

Altars:
Gozag
Nemelex Xobeh
Ru
Zin


Message History

Something hits you.
* * * LOW HITPOINT WARNING * * *
Something hits you!
* * * LOW HITPOINT WARNING * * *
Something hits you but does no damage.
You cannot move.
There are monsters nearby!
You feel less wooden.
Your +0 pearl dragon scales unmelds from your body.
Something hits you but does no damage. x2
Something hits you but does no damage. x3
You block something's attack. Something hits you.
* * * LOW HITPOINT WARNING * * *
Something hits you but does no damage. x2
As you read the scroll of silence, it crumbles to dust.
A profound silence engulfs you. Something hits you but does no damage.
You hit something but do no damage. Something hits you.
* * * LOW HITPOINT WARNING * * *
Something hits you.
* * * LOW HITPOINT WARNING * * *
Something hits you but does no damage.
You hit something but do no damage. Something hits you but does no damage.
Something hits you.
* * * LOW HITPOINT WARNING * * *
Something hits you but does no damage. Something hits you but does no damage.
Something hits you but does no damage.
Something hits you but does no damage. x2
You slash the water moccasin!
The water moccasin is moderately wounded.
You miss something. Something hits you but does no damage.
The water moccasin bites you but does no damage. x2
You closely miss the water moccasin.
The water moccasin is moderately wounded.
You hit the adder. Something hits you but does no damage.
The adder bites you but does no damage. The water moccasin barely misses you.
You slash the water moccasin!
The water moccasin is severely wounded.
You barely miss the adder. Something hits you.
You die...

### ###≈# #.... ##..≈# #...§
##...≈#################..§≈
#...~≈................#..§≈ ..
##..~.≈................# .§. ...
##.....≈###....####.##### §S
...##......≈..#..S.####[########'
...>............@S.............#.
.....####.#.#.#....####..........
.....####.#.#.#....# ########..#
............#.#....# #....
....)..####.#.#....# #....
............#.#....##########....
.......######.#....##.......#....
.......# #...............#....
.......# #..###..........#....


You could see a water moccasin and an adder.

Vanquished Creatures
  A troll (D:5)
  A water moccasin (D:5)
  A black bear (D:6)
  2 centaurs (D:5)
  A necrophage (D:5)
  5 wights (D:6)
  2 hounds (D:6)
  2 jellies (D:4)
  An orc priest (D:3)
  2 iguanas
  An orc wizard (D:3)
  7 adders
  An ufetubus (D:5)
  A worm (D:3)
  7 orcs
  9 ball pythons
  5 bats
  8 endoplasms
  3 giant cockroaches
  9 goblins
  3 hobgoblins
  4 jackals
  A quokka (D:5)
  3 frilled lizards
  4 kobolds
  8 rats
92 creatures vanquished.

Vanquished Creatures (others)
  An orc (D:3)
  A plant (D:1)
2 creatures vanquished.

Grand Total: 94 creatures vanquished

Notes
Turn   | Place    | Note
-------+----------+-------------------------------------------
     0 | D:1      | masschaos23 the Hill Orc Fighter began the quest for the
                  | Orb.
     0 | D:1      | Reached XP level 1. HP: 19/19 MP: 1/1
   112 | D:1      | Found a faded altar of an unknown god.
   201 | D:1      | Reached XP level 2. HP: 23/27 MP: 2/2
   202 | D:1      | Reached skill level 3 in Axes
   743 | D:1      | Reached XP level 3. HP: 28/33 MP: 3/3
  2160 | D:2      | Identified a scroll of acquirement
  2160 | D:2      | Acquired the ring of Siawk {Ice Fly Str-3 Slay+3}
  3244 | D:3      | Found a sparkling altar of Nemelex Xobeh.
  3259 | D:3      | Reached XP level 4. HP: 40/40 MP: 4/4
  3479 | D:3      | Found a sacrificial altar of Ru.
  3543 | D:3      | Became a worshipper of Beogh the Brigand
  3561 | D:3      | Reached skill level 4 in Axes
  3959 | D:4      | Reached XP level 5. HP: 44/47 MP: 5/5
  4096 | D:4      | Found an opulent altar of Gozag.
  4221 | D:4      | Found Zin's Purification Station.
  4226 | D:4      | Found a glowing silver altar of Zin.
  4229 | D:4      | Bought a potion of curing for 90 gold pieces
  4472 | D:4      | Reached * piety under Beogh
  4777 | D:5      | Entered Level 5 of the Dungeon
  4777 | D:5      | Noticed a water moccasin
  4790 | D:5      | Killed a water moccasin
  4791 | D:5      | Reached skill level 5 in Fighting
  4791 | D:5      | Reached XP level 6. HP: 35/56 MP: 6/6
  5031 | D:5      | Reached skill level 5 in Axes
  5343 | D:5      | Reached skill level 5 in Armour
  5343 | D:5      | Reached skill level 5 in Shields
  5343 | D:5      | Reached XP level 7. HP: 39/61 MP: 4/7
  5539 | D:5      | Noticed a troll
  5570 | D:5      | Killed a troll
  5571 | D:5      | Reached skill level 6 in Axes
  6515 | D:6      | Reached XP level 8. HP: 65/71 MP: 6/8
  6765 | D:6      | Reached skill level 7 in Axes
  7063 | D:6      | HP: 2/71 [something (2)]
  7070 | D:6      | Slain by an unseen horror

Illustrated notes

Levels and vault maps discovered:
D:1:      dpeg_arrival_subterranean_lakeside_camping, layout_rooms,
          hellmonk_ecumenical_altar_arch_garden, serial_forest,
          infiniplex_forest_clump_cross, infiniplex_forest_lined_4_way,
          infiniplex_forest_corner_1, infiniplex_forest_end_2,
          infiniplex_forest_pool, infiniplex_forest_straight_5,
          infiniplex_forest_straight_4, minmay_cupped
D:2:      layout_loops_ring
D:3:      layout_basic, amethyst_overflow_temple_binary
D:4:      layout_basic, zin_purify, mainiacjoe_overflow_24_doors, serial_rivers,
          chequers_serial_rivers_micro_b, chequers_serial_rivers_small_b,
          chequers_serial_rivers_micro_a, chequers_serial_rivers_room_a,
          chequers_serial_rivers_micro_e, chequers_serial_rivers_marsh
D:5:      layout_loops_corners, minmay_manual_mares
D:6:      layout_basic, kennysheep_mini, serial_rivers,
          chequers_serial_rivers_large_a, chequers_serial_rivers_micro_e,
          chequers_serial_rivers_micro_e, chequers_serial_rivers_room_a,
          chequers_serial_rivers_room_b, chequers_serial_rivers_marsh,
          minivault_5, kennysheep_generic_room_8

Skill      XL: |  1  2  3  4  5  6  7  8 |
---------------+-------------------------+-----
Axes           | 3 4 5 6 7 |  7.1
Fighting       | 4 5 6 |  6.9
Armour         | 4 5 6 |  6.3
Shields        | 4 5 6 |  6.3

Action                   |  1- 3 |  4- 6 |  7- 9 || total
-------------------------+-------+-------+-------++-------
Melee: War axe           |   107 |    89 |    56 ||   252
       Hand axe          |       |       |    26 ||    26
Invok: Convert to Beogh  |       |     1 |       ||     1
  Use: Scroll            |     6 |     5 |     3 ||    14
       Potion            |       |       |     5 ||     5
Armor: Scale mail        |    45 |       |       ||    45
       Plate armour      |    14 |       |       ||    14
       Pearl dragon scal |     9 |    55 |   103 ||   167
       Skin              |       |       |    21 ||    21
Dodge: Dodged            |    44 |    31 |    33 ||   108
Block: Buckler           |    23 |    21 |    29 ||    73
